 Dungeon Crawl Stone Soup version 0.31.0-1-g2c135a008e (webtiles) character file.

Game seed: 5188278319085635259

515 qw the Shooter (level 7, -2/54 HPs)
             Began as a Djinni Hunter on Jan 23, 2024.
             Slain by a cerulean imp
             ... wielding a +2 spear
             ... summoned by Natasha
              (3 damage)
             ... on level 4 of the Dungeon.
             The game lasted 00:00:13 (2645 turns).

qw the Shooter (Djinni Hunter)                      Turns: 2645, Time: 00:00:13

Health: -2/54      AC:  6    Str: 10    XL:     7   Next: 44%
Gold:   203        EV: 16    Int: 10    God:
                   SH:  0    Dex: 19

rFire   + + .        a - +0 shortbow (freeze)
rCold   x . .        (shield currently unavailable)
rNeg    . . .        e - +0 ring mail
rPois   inf          f - +0 helmet
rElec   .            (no cloak)
rCorr   .            (no gloves)
SInv    .            (boots unavailable)
Will    .....        (no amulet)
Stlth   +            b - +5 ring of evasion
HPRegen 0.29/turn    (no ring)
MPRegen 0.00/turn

%: infuse magic (-3 HP)
@: on fire, about to teleport, flying, glowing
A: sickness immunity, fire resistance 2, cold vulnerability 1, float, innate
caster, HP casting, extra vitality 1
a: no special abilities


You were on level 4 of the Dungeon.
You visited 1 branch of the dungeon, and saw 4 of its levels.

You collected 203 gold pieces.


Innate Abilities, Weirdness & Mutations

You are immune to sickness and miasma.
You are immune to poison.
Your flesh is very heat resistant. (rF++)
You are vulnerable to cold. (rC-)
You float through the air rather than walking.
You learn spells naturally, not from books.
Your magical power is your life essence.
You have superior vitality. (+4 MHP)


   Skills:
 - Level 5.0 Fighting
 + Level 5.4 Ranged Weapons
 - Level 1.0 Armour
 - Level 3.0 Dodging
 - Level 0.7 Stealth


You knew the following spells:

 Your Spells              Type           Power      Damage    Failure   Level
a - Shock                 Conj/Air       0%         1d3       67%         1
b - Scorch                Fire           0%         2d5       82%         2
c - Gell's Gravitas       Tloc           0%         N/A       96%         3
Your spell library was empty.

Inventory:

Hand Weapons
 a - a +0 shortbow of freezing (weapon)
Armour
 e - a +0 ring mail (worn)
 f - a +0 helmet (worn)
Jewellery
 b - a +5 ring of evasion (left hand)
Wands
 d - a wand of acid (7)
 g - a wand of flame (14)
 k - a wand of mindburst (14)
Potions
 c - a potion of haste
 h - a potion of resistance
 i - a potion of ambrosia {unknown}
 j - a potion of berserk rage {unknown}
 l - a potion of lignification {unknown}
 n - a potion of heal wounds {unknown}

Dungeon Overview and Level Annotations

Branches:
Dungeon (4/15)
 Temple: D:4-7

Altars:
Wu Jian

Shops:
D:2 ([[[

Annotations:
D:4 Natasha


Message History

An endoplasm comes into view.
The cerulean imp hits you but does no damage.
The orc moves out of view.
You see here a scorpion corpse.
Enter note:
Enter note: You shoot an arrow.
The arrow misses the cerulean imp.
The endoplasm quivers.
The liquid fire burns you!
Natasha mumbles some strange words.
The cerulean imp hits you with a +2 spear.
You shoot an arrow.
The arrow barely misses the cerulean imp.
The liquid fire burns you! Natasha claws you!
The cerulean imp hits you with a +2 spear.
The cerulean imp hits you from afar with a +1 spear.
The cerulean imp hits you but does no damage.
Natasha claws you.
You shoot an arrow.
The arrow hits the cerulean imp but does no damage.
The liquid fire burns you! The cerulean imp barely misses you.
The cerulean imp hits you from afar with a +1 spear.
The cerulean imp misses you. Natasha claws you! The cerulean imp misses you.
2644 ||| READING scroll of teleportation.
As you read the scroll of teleportation, it crumbles to dust.
You feel strangely unstable. The liquid fire burns you!
The cerulean imp hits you but does no damage. x2
The endoplasm barely misses you. Natasha claws you.
The cerulean imp hits you with a +2 spear.
You shoot an arrow.
The arrow closely misses the cerulean imp.
The liquid fire burns you!
The cerulean imp misses you. x2; The orc hits you with a +0 flail.
The endoplasm hits you but does no damage.
Natasha claws you but does no damage.
The cerulean imp hits you with a +2 spear.
You die...

#.# ##.#.####.### #.#
#.########.###...%....
#.#
#...........#.####.###
#.# ############..#
#.# ##'# #.# ##^# #
##..#####..#
#...%o......
#......7@J<..7.
#####.5h5.......
##.5#####..# ##. ## #.
.. ##


You could see Natasha, 3 cerulean imps, an orc and an endoplasm.

Vanquished Creatures
  Sigmund (D:2)
  A scorpion (D:4)
  2 bombardier beetles
  A jelly (D:4)
  A sleepcap (D:4)
  Ijyb (D:3)
  Natasha (D:4)
  7 adders
  3 ribbon worms (D:2)
  An orc (D:3)
  5 bats
  6 endoplasms
  4 giant cockroaches (D:3)
  6 goblins
  8 hobgoblins
  3 jackals (D:2)
  3 quokkas (D:1)
  7 ball pythons
  3 frilled lizards
  8 kobolds
  6 rats
78 creatures vanquished.

Notes
Turn   | Place    | Note
-------+----------+-------------------------------------------
     0 | D:1      | qw the Djinni Hunter began the quest for the Orb.
     0 | D:1      | Reached XP level 1. HP: 18/18 MP: 0/0
     0 | D:1      | 0 ||| qw: Version: 0.3-a-136-gdd3b4e8
     0 | D:1      | 0 ||| qw: Game counter: 1148
     0 | D:1      | 0 ||| qw: Melee chars always use a shield: true
     0 | D:1      | 0 ||| qw: God list: Okawaru
     0 | D:1      | 0 ||| qw: Allow faded altars: false
     0 | D:1      | 0 ||| qw: Do Orc after clearing Dungeon:15 true
     0 | D:1      | 0 ||| qw: Do second Lair branch before Depths: true
     0 | D:1      | 0 ||| qw: Lair rune preference: random
     0 | D:1      | 0 ||| qw: Goals: Normal
     0 | D:1      | 0 ||| PLANNING D:1-11
    61 | D:1      | Reached XP level 2. HP: 18/23 MP: 0/0
   539 | D:1      | 539 ||| UPGRADING to +0 ring mail.
   549 | D:1      | 549 ||| DROPPING +0 leather armour.
   550 | D:1      | 550 ||| READING scroll labelled ATUXTA ALYOT.
   551 | D:1      | 551 ||| READING 2 scrolls labelled ZEOJYWA RIDUVE.
   552 | D:1      | 552 ||| DROPPING scroll of butterflies.
   580 | D:2      | Reached XP level 3. HP: 28/28 MP: 0/0
   580 | D:2      | Learned a level 1 spell: Shock
   626 | D:2      | Reached skill level 1 in Armour
   804 | D:2      | Found Zutsuh's Antique Armour Boutique.
   818 | D:2      | 818 ||| SHOPLISTING cloak (90 gold, have 63).
   818 | D:2      | 818 ||| SHOPLISTING glowing robe (74 gold, have 63).
   818 | D:2      | 818 ||| SHOPLISTING pair of gloves (90 gold, have 63).
   861 | D:2      | Reached XP level 4. HP: 34/34 MP: 0/0
   948 | D:2      | Found Etaggu's Antique Armour Boutique.
   951 | D:2      | 951 ||| SHOPLISTING pair of heavily runed gloves (256 gold,
                  | have 101).
  1069 | D:2      | Found Bengengeov's Armour Emporium.
  1084 | D:2      | 1084 ||| UPGRADING to +5 ring of evasion.
  1097 | D:2      | Found Bocun's Weapon Shoppe.
  1160 | D:2      | Noticed Sigmund
  1165 | D:2      | HP: 7/34 [Sigmund/magic dart (12)]
  1170 | D:2      | Killed Sigmund
  1171 | D:2      | Reached XP level 5. HP: 10/43 MP: 0/0
  1171 | D:2      | Learned a level 2 spell: Scorch
  1171 | D:2      | Reached XP level 6. HP: 11/49 MP: 0/0
  1171 | D:2      | 1171 ||| FLEEEEING.
  1172 | D:2      | 1172 ||| FLEEEEING.
  1173 | D:2      | 1173 ||| FLEEEEING.
  1174 | D:2      | 1174 ||| FLEEEEING.
  1175 | D:2      | 1175 ||| FLEEEEING.
  1176 | D:2      | 1176 ||| FLEEEEING.
  1177 | D:2      | 1177 ||| FLEEEEING.
  1178 | D:2      | 1178 ||| FLEEEEING.
  1179 | D:2      | 1179 ||| FLEEEEING.
  1180 | D:2      | 1180 ||| FLEEEEING.
  1181 | D:2      | 1181 ||| FLEEEEING.
  1182 | D:2      | 1182 ||| FLEEEEING.
  1183 | D:2      | 1183 ||| FLEEEEING.
  1184 | D:2      | 1184 ||| FLEEEEING.
  1185 | D:2      | 1185 ||| FLEEEEING.
  1186 | D:2      | 1186 ||| FLEEEEING.
  1187 | D:2      | 1187 ||| FLEEEEING.
  1396 | D:2      | 1396 ||| READING 2 scrolls of identify.
  1396 | D:2      | 1396 ||| IDENTIFYING viscous golden potion
  1397 | D:2      | 1397 ||| READING scroll of identify.
  1397 | D:2      | 1397 ||| IDENTIFYING fuming inky potion
  1398 | D:2      | 1398 ||| READING scroll labelled FYMEETHIGO.
  1697 | D:3      | Found an ornate altar of the Wu Jian Council.
  1809 | D:3      | Noticed Ijyb
  1834 | D:3      | Killed Ijyb
  1982 | D:3      | Found a faded altar of an unknown god.
  2239 | D:3      | 2239 ||| UPGRADING to +0 helmet.
  2244 | D:3      | 2244 ||| READING scroll labelled CYOPTE KUTUYRR.
  2244 | D:3      | 2244 ||| BRANDING +0 shortbow.
  2315 | D:4      | Noticed Natasha
  2318 | D:4      | Killed Natasha
  2403 | D:4      | Reached XP level 7. HP: 50/54 MP: 0/0
  2403 | D:4      | Learned a level 3 spell: Gell's Gravitas
  2531 | D:4      | Reached skill level 3 in Dodging
  2630 | D:4      | Noticed Natasha
  2640 | D:4      | 2640 ||| RETREEEEATING.
  2643 | D:4      | HP: 11/54 [Natasha (8)]
  2644 | D:4      | 2644 ||| READING scroll of teleportation.
  2644 | D:4      | HP: 4/54 [cerulean imp/+2 spear[Natasha] (6)]
  2645 | D:4      | HP: 1/54 [orc/+0 flail (2)]
  2645 | D:4      | Slain by a cerulean imp

Levels and vault maps discovered:
D:1:      giann_wishing_wells, layout_basic
D:2:      layout_basic, serial_shops, nicolae_shop_real_fake_doors,
          nicolae_shop_overgrown_old_shop, shop, shop, st_stairs_9, uniq_sigmund
D:3:      layout_loops_ring, nicolae_overflow_crystal_walls,
          nicolae_ecumenical_lake_church, hangedman_decor_peaks_small, uniq_ijyb
D:4:      layout_loops_ring, grunt_ministairs_15,
          nicolae_elevator_lobby_asterisk, uniq_natasha

Skill      XL: |  1  2  3  4  5  6  7 |
---------------+----------------------+-----
Ranged Weapons | 4 5 |  5.4
Armour         | 1 |  1.0
Fighting       | 5 |  5.0
Dodging        | 3 |  3.0
Stealth        | |  0.7

Action                     |  1- 3 |  4- 6 |  7- 9 || total
---------------------------+-------+-------+-------++-------
   Fire: Shortbow          |   108 |   145 |    41 ||   294
    Use: Scroll            |     2 |     4 |     1 ||     7
 Armour: Leather armour    |    12 |       |       ||    12
         Ring mail         |    15 |    41 |    26 ||    82
  Dodge: Dodged            |    24 |    78 |    31 ||   133

Table legend:
 A = Non-vault XP
 B = Vault XP
 C = Vault XP percentage of total XP
 D = Non-vault monster count
 E = Vault monster count
 F = Vault count percentage of total count
                 A         B        C        D         E       F
            +---------+---------+-------+---------+---------+-------
      Total |     447 |     290 |  39.3 |      72 |       6 |   7.7
            +---------+---------+-------+---------+---------+-------
        D:1 |      28 |       0 |   0.0 |      18 |       0 |   0.0
        D:2 |      51 |     220 |  81.2 |      21 |       3 |  12.5
        D:3 |      93 |      36 |  27.9 |      18 |       1 |   5.3
        D:4 |     275 |      34 |  11.0 |      15 |       2 |  11.8
            +---------+---------+-------+---------+---------+-------
